 Dungeon Crawl Stone Soup version 0.29.0-5-ge4962eb29e (webtiles) character file.

Game seed: 1004481301843533517

6429 tizbic2 the Unseen (level 10, 0/92 HPs)
             Began as a Naga Brigand on Aug 28, 2022.
             Was a Believer of Zin (penitent).
             Slain by a small abomination (4 damage)
             ... on level 1 of the Abyss.
             The game lasted 01:06:05 (10312 turns).

tizbic2 the Unseen (Naga Brigand)                  Turns: 10312, Time: 01:06:05

Health: 0/92       AC: 10    Str: 14    XL:     10   Next: 99%
Magic:  0/12       EV:  8    Int: 11    God:    Zin [**....]
Gold:   217        SH:  6    Dex: 17    Spells: 11/12 levels left

rFire   . . .      SeeInvis +   a - +5 short sword (holy)
rCold   . . .      Faith    .   l - +1 buckler
rNeg    . . .      Spirit   +   p - +0 ring mail
rPois   +          Reflect  .   q - +2 helmet
rElec   .          Harm     .   c - +0 cloak
rCorr   .          Rampage  .   F - +0 pair of gloves
Will    +....      Rage     3%  (no barding)
Stlth   +++++.....              f - amulet of guardian spirit
HPRegen 0.25/turn               j - ring of flight
MPRegen 0.13/turn               (no ring)

@: flying, very slow
A: AC +3, large, see invisible, deformed body, poison resistance, slowness 2,
spit poison 2, naga tail 1, berserk 1, screaming 1, subdued magic 1
a: Breathe Poison Gas, Renounce Religion, Donate Gold


You were on level 1 of the Abyss.
You worshipped Zin.
Zin was demanding penance.
You visited 2 branches of the dungeon, and saw 11 of its levels.
You visited the Abyss 1 time.
You also visited: Ossuary.

You collected 370 gold pieces.
You spent 24 gold pieces at shops.
You donated 129 gold pieces to Zin.

Inventory:

Hand Weapons
 a - a +5 short sword of holy wrath (weapon)
 e - a +5 vampiric dagger
 u - a +0 scimitar
 w - a +2 dagger of speed
 G - a +3 dagger
Missiles
 d - 21 poisoned darts
 k - 7 boomerangs
 y - 61 stones
 C - 4 curare-tipped darts
Armour
 c - a +0 cloak (worn)
 h - a +0 chain mail
 l - a +1 buckler (worn)
 p - a +0 ring mail (worn)
 q - a +2 helmet (worn)
 F - a +0 pair of gloves (worn)
Jewellery
 f - an amulet of guardian spirit (around neck)
 g - an amulet of magic regeneration
 j - a ring of flight (left hand)
Wands
 s - a wand of quicksilver (3)
 x - a wand of paralysis (8)
Scrolls
 m - 2 scrolls of amnesia
 v - 2 scrolls of butterflies
 A - 4 scrolls of teleportation
 E - a scroll of fear
 I - a scroll of immolation
 J - a scroll of brand weapon
 L - 2 scrolls of vulnerability
Potions
 b - a potion of lignification {unknown}
 i - 10 potions of curing {unknown}
 n - a potion of flight {unknown}
 o - 2 potions of invisibility
 r - a potion of berserk rage
 z - 2 potions of magic {unknown}
 B - a potion of ambrosia {unknown}
 H - 2 potions of haste {unknown}
 O - a potion of mutation


   Skills:
 + Level 6.9 Fighting
 * Level 9.6 Short Blades
 - Level 1.7 Throwing
 - Level 0.7 Dodging
 * Level 15.4 Stealth
 - Level 4.0 Shields
 - Level 1.5 Spellcasting
 + Level 4.2 Ice Magic


You had 11 spell levels left.
You knew the following spells:

 Your Spells              Type           Power      Damage    Failure   Level
a - Freeze                Ice            28%        1d5       12%         1

Your spell library contained the following spells:

 Spells                   Type           Power      Damage    Failure   Level
 Frozen Ramparts          Ice            14%        1d3       34%         3
 Ozocubu's Armour         Ice            7%         N/A       34%         3
 Gell's Gravitas          Tloc           0%         N/A       91%         3
 Teleport Other           Tloc           0%         N/A       91%         3
 Tukima's Dance           Hex            0%         N/A       91%         3
 Hailstorm                Conj/Ice       4%         3d4       96%         4
 Passage of Golubria      Tloc           0%         N/A       100%        4
 Metabolic Englaciation   Hex/Ice        2%         N/A       100%        5
 Yara's Violent Unravell  Hex/Tmut       0%         3d3       100%        5
 Dispersal                Tloc           0%         N/A       100%        6
 Simulacrum               Ice/Necr       2%         N/A       100%        6


Dungeon Overview and Level Annotations

Branches:
Dungeon (10/15)            Temple (1/1) D:6         Ossuary (visited)
   Lair: D:8-11         Orc: D:9-12

Altars:
Ashenzari
Cheibriados
Dithmenos
Elyvilon
Fedhas
Gozag
Hepliaklqana
Kikubaaqudgha
Makhleb
Nemelex Xobeh
Okawaru
Qazlal
Ru
Sif Muna
Trog
Uskayaw
Vehumet
Wu Jian
Xom
Yredelemnul
Zin
The Shining One

Shops:
D:3 [*   D:6 *   D:8 (


Innate Abilities, Weirdness & Mutations

Your serpentine skin is tough. (AC +3)
You have supernaturally acute eyesight. (SInv)
Armour fits poorly on your strangely shaped body.
Your system is resistant to poisons. (rPois)
You cover ground very slowly.
You can exhale a cloud of poison.
You have a snake-like lower body.
You sometimes lose your temper in combat.
You occasionally shout uncontrollably at your foes.
Your spells are a little easier to cast, but a little less powerful.


Message History

You feel a sense of dread.
e - a +5 vampiric dagger (weapon)
Really attack while wielding your +5 vampiric dagger?
This could place you under penance!
You feel guilty. "You will pay for your transgression, mortal!"
You hit the small abomination but do no damage.
You block the small abomination's attack.
The human is engulfed in poison gas.
The human looks even sicker.
You feel guilty. "You will pay for your transgression, mortal!"
You hit the small abomination.
The small abomination is lightly damaged.
The white imp gestures at you. The puff of frost hits you!
You feel guilty. "You will pay for your transgression, mortal!"
You hit the small abomination.
The small abomination is moderately damaged.
The human is engulfed in poison gas.
The human looks as sick as possible!
The small abomination hits you!
* * * LOW HITPOINT WARNING * * *
The white imp attacks as you move away! The white imp completely misses you.
The white imp gestures at you. The puff of frost hits you.
* * * LOW HITPOINT WARNING * * *
Okay, then.
You feel the dreadful sensation subside.
Your +5 short sword of holy wrath softly glows with a divine radiance!
a - a +5 short sword of holy wrath (weapon)
The small abomination hits you!
* * * LOW HITPOINT WARNING * * *
The small abomination hits you!
* * * LOW HITPOINT WARNING * * *
You kill the human!
Zin accepts your kill.
The small abomination completely misses you.
You have got your breath back.
A small abomination comes into view.
The small abomination hits you.
You die...

# ## .# .. # ## #
######.##.# ...##
..## ##..#@.....# ..
#.### ##..x#.x.....
#...#
.##.#.5#.#....... .
.#..##...##.#####.###
. .....###..#.#.# #
.'... .....#.# .#
.#...#.#.##.. # .
#....###.# ##..
.#..x...### #


You could see 2 small abominations and a white imp.

Vanquished Creatures
  The ghost of k13m the Basher, a novice HOFi of the Shining One (D:9)
  A two-headed ogre (D:9)
  A kobold demonologist (D:9)
  A wyvern (D:5)
  A human (shapeshifter) (Abyss:1)
  3 water moccasins
  An orc warrior (D:8)
  2 sky beasts
  A hornet zombie (Ossuary)
  The ghost of BuzzyBeetle the Thaumaturge, an amateur GnWn (D:3)
  4 black bears
  An ice beast (D:5)
  A centaur (D:9)
  8 kobold brigands
  A phantom (D:5)
  A bullfrog (D:6)
  3 necrophages
  A wyvern zombie (Ossuary)
  A scorpion (D:3)
  2 water moccasin zombies (Ossuary)
  4 wights (D:8)
  11 killer bees
  2 electric eels (D:6)
  5 bullfrog zombies (Ossuary)
  3 quasits (D:4)
  3 hounds
  3 jellies
  3 orc priests
  A centaur zombie (Ossuary)
  Ijyb (D:3)
  Terence (D:2)
  4 orc wizards
  Natasha (thrice) (D:2)
  7 iguanas
  3 killer bee zombies (Ossuary)
  16 mummies
  A howler monkey zombie (Ossuary)
  Robin (D:3)
  7 adders
  3 shadow imps
  3 white imps (D:4)
  2 ufetubi
  A worm (D:2)
  5 dart slugs
  19 orcs
  5 ball pythons
  6 endoplasms
  4 giant cockroaches (D:1)
  21 goblins
  9 hobgoblins
  5 jackals (D:1)
  16 kobolds
  14 bats
  4 frilled lizards
  4 rats
236 creatures vanquished.

Vanquished Creatures (others)
  4 demonic plants (D:4)
  3 withered plants (Ossuary)
7 creatures vanquished.

Grand Total: 243 creatures vanquished

Notes
Turn   | Place    | Note
-------+----------+-------------------------------------------
     0 | D:1      | tizbic2 the Naga Brigand began the quest for the Orb.
     0 | D:1      | Reached XP level 1. HP: 19/19 MP: 1/1
    68 | D:1      | Reached skill level 6 in Stealth
   270 | D:1      | Reached XP level 2. HP: 26/26 MP: 2/2
   762 | D:1      | Reached XP level 3. HP: 17/32 MP: 0/3
   831 | D:1      | Found a faded altar of an unknown god.
  1290 | D:2      | Reached XP level 4. HP: 23/40 MP: 2/4
  1317 | D:2      | Noticed Natasha
  1524 | D:2      | Killed Natasha
  1689 | D:2      | Reached skill level 7 in Stealth
  1976 | D:2      | Noticed Natasha
  1994 | D:2      | Killed Natasha
  1995 | D:2      | Reached skill level 1 in Shields
  1995 | D:2      | Reached XP level 5. HP: 9/46 MP: 2/6
  2287 | D:2      | Noticed Natasha
  2312 | D:2      | Killed Natasha
  2313 | D:2      | Reached skill level 1 in Spellcasting
  2438 | D:2      | Noticed Terence
  2445 | D:2      | Killed Terence
  2715 | D:3      | Noticed Ijyb
  2719 | D:3      | Found Ihegas's Armour Emporium.
  2731 | D:3      | Reached XP level 6. HP: 52/55 MP: 6/8
  2731 | D:3      | Killed Ijyb
  2838 | D:3      | Found Deapae's Assorted Antiques.
  2844 | D:3      | Bought a scroll labelled PIUSOC KOFOVE for 24 gold pieces
  3124 | D:3      | Reached skill level 8 in Stealth
  3135 | D:3      | Noticed Robin
  3159 | D:3      | Killed Robin
  3243 | D:3      | Found a large runed translucent door.
  3243 | D:3      | Found a large runed translucent door.
  3360 | D:3      | Noticed BuzzyBeetle's ghost (amateur GnWn)
  3376 | D:3      | Gained mutation: You occasionally shout uncontrollably at
                  | your foes. [potion of mutation]
  3376 | D:3      | Gained mutation: You expend magic power (3 MP) to
                  | strengthen your wands. [potion of mutation]
  3415 | D:3      | Killed BuzzyBeetle's ghost
  3423 | D:3      | Identified the +0 sling "Jalic" {vorpal, Int+4}
  3439 | D:3      | Lost mutation: You expend magic power (3 MP) to strengthen
                  | your wands. [potion of mutation]
  3439 | D:3      | Lost mutation: You occasionally shout uncontrollably at
                  | your foes. [potion of mutation]
  3439 | D:3      | Gained mutation: You can exhale a cloud of poison. [potion
                  | of mutation]
  3439 | D:3      | Gained mutation: You have hidden genetic defects. [potion
                  | of mutation]
  3859 | D:4      | Noticed a sky beast
  3881 | D:4      | Killed a sky beast
  3882 | D:4      | Reached XP level 7. HP: 52/62 MP: 9/9
  3890 | D:4      | Gained mutation: You are weak. (Str -2) [hidden defects]
  3917 | D:4      | Reached skill level 9 in Stealth
  4002 | D:4      | Gained mutation: Your body sometimes deteriorates upon
                  | taking damage. [hidden defects]
  4002 | D:4      | Lost mutation: You have hidden genetic defects. [hidden
                  | defects expressed]
  4003 | D:4      | Lost mutation: You are weak. (Str -2) [potion of mutation]
  4003 | D:4      | Lost mutation: Your body sometimes deteriorates upon taking
                  | damage. [potion of mutation]
  4003 | D:4      | Gained mutation: You have hidden genetic defects. [potion
                  | of mutation]
  4003 | D:4      | Gained mutation: Your spells are a little easier to cast,
                  | but a little less powerful. [potion of mutation]
  4048 | D:4      | Reached skill level 5 in Short Blades
  4070 | D:4      | Gained mutation: You sometimes lose your temper in combat.
                  | [hidden defects]
  4292 | D:4      | Reached XP level 8. HP: 49/72 MP: 7/10
  4478 | D:4      | Reached skill level 10 in Stealth
  4484 | D:4      | Gained mutation: You occasionally shout uncontrollably at
                  | your foes. [hidden defects]
  4484 | D:4      | Lost mutation: You have hidden genetic defects. [hidden
                  | defects expressed]
  4817 | D:5      | Entered Level 5 of the Dungeon
  4844 | D:5      | Found a blossoming altar of Fedhas.
  5280 | D:5      | Noticed a wyvern
  5323 | D:5      | Killed a wyvern
  5324 | D:5      | Reached skill level 11 in Stealth
  5584 | D:5      | Reached XP level 9. HP: 65/80 MP: 9/11
  5900 | D:6      | Reached skill level 5 in Fighting
  5938 | D:6      | Reached skill level 12 in Stealth
  6044 | D:6      | Found Zayzi's Neck Hole.
  6259 | D:6      | Found a staircase to the Ecumenical Temple.
  6277 | Temple   | Entered the Ecumenical Temple
  6603 | Temple   | Became a worshipper of Zin the Law-Giver
  6603 | Temple   | Reached * piety under Zin
  6621 | Temple   | Fell from the grace of Zin
  6621 | Temple   | Became a worshipper of the Shining One
  6642 | Temple   | Fell from the grace of the Shining One
  6642 | Temple   | Became a worshipper of Zin the Law-Giver
  6878 | D:6      | Donated 95 gold pieces to Zin
  7681 | D:7      | Reached skill level 1 in Ice Magic
  7773 | D:7      | Found a sand-covered staircase.
  7784 | Ossuary  | Entered an ossuary
  7818 | Ossuary  | Reached skill level 13 in Stealth
  8147 | Ossuary  | Reached XP level 10. HP: 75/91 MP: 9/12
  8370 | D:7      | Learned a level 1 spell: Freeze
  8527 | D:7      | Reached ** piety under Zin
  8734 | D:8      | Found Sugresk's Antique Weapon Shop.
  8734 | D:8      | You fall into a shaft and drop 2 floors!
  8734 | D:10     | Entered Level 10 of the Dungeon
  8914 | D:9      | Noticed a two-headed ogre
  8919 | D:9      | Killed a two-headed ogre
  8920 | D:9      | Reached skill level 14 in Stealth
  9299 | D:8      | Found a flagged portal.
 10135 | D:9      | Found a runed translucent gate.
 10135 | D:9      | Found a runed translucent gate.
 10135 | D:9      | Found a runed translucent gate.
 10136 | D:9      | Noticed k13m's ghost (novice HOFi)
 10136 | D:9      | Noticed a kobold demonologist
 10188 | D:9      | Killed a kobold demonologist
 10199 | D:9      | Reached skill level 15 in Stealth
 10216 | D:9      | Killed k13m's ghost
 10230 | Abyss:1  | Cast into level 1 of the Abyss (kobold brigand)
 10282 | Abyss:1  | Found a corrupted altar of Lugonu.
 10302 | Abyss:1  | Was placed under penance by Zin
 10308 | Abyss:1  | HP: 3/92 [small abomination (12)]
 10312 | Abyss:1  | Slain by a small abomination

Illustrated notes

Levels and vault maps discovered:
D:1:      spicycebolla_green_bress_n_ham_2, layout_basic,
          ebering_ecumenical_altar_box, grunt_decor_one_mirror
D:2:      layout_basic, chequers_serial_rivers_marsh, nrook_campfire,
          uniq_terence, uniq_natasha
D:3:      layout_basic, ebering_ghost_disaster_area, serial_shops,
          nicolae_shop_statue_plus, nicolae_shop_advertising_works
          [nicolae_subvault_shop_adworks], uniq_robin, uniq_ijyb
D:4:      layout_cave_pools, serial_demonic, serial_demonic_g, serial_demonic_b,
          serial_demonic_g, serial_demonic_f, serial_demonic_b,
          serial_demonic_e, serial_demonic_c, serial_demonic_g
D:5:      layout_basic, fedhas_altar_1, minmay_puff
D:6:      layout_layer_cave, minmay_temple_entry_waves, chequers_big_river,
          minmay_misc_feat_room, minmay_misc_feat_ornament,
          nicolae_shop_sticking_my_neck_out
D:7:      layout_loops_ring, gup_ossuary_entry_pyramid
D:8:      layout_rooms, serial_shops,
          nicolae_shop_temple_entry_statues_fountains, enter_bailey_5
D:9:      cheibrodos_barr_body, layout_layer_cave, lair_entry_dummy,
          orc_0_dummy, serial_shops, nicolae_shop_stone,
          gammafunk_ghost_nasty_kobolds
D:10:     layout_gridville, serial_shops, nicolae_lakefront_shop,
          dk_noncrumbling_4, minmay_pinched_square
Temple:   mainiacjoe_temple_circle_huts
Abyss:1:  base:
D:9

Skill      XL: |  1  2  3  4  5  6  7  8  9 10 |
---------------+-------------------------------+-----
Stealth        | 6 7 8 9 11 13 15 | 15.4
Short Blades   | 3 4 5 6 8 9 |  9.6
Shields        | 1 2 3 4 |  4.0
Spellcasting   | 1 |  1.5
Fighting       | 3 4 5 6 |  6.9
Ice Magic      | 2 4 |  4.2
Throwing       | |  1.7
Dodging        | |  0.7

Action                   |  1- 3 |  4- 6 |  7- 9 | 10-12 || total
-------------------------+-------+-------+-------+-------++-------
Melee: Dagger            |    81 |   246 |   221 |    45 ||   593
       Long sword        |       |       |    12 |       ||    12
       Short sword       |       |       |   115 |   127 ||   242
Invok: Donate Gold       |       |       |     1 |       ||     1
       Recite            |       |       |       |     1 ||     1
 Abil: Spit Poison       |    21 |    36 |       |       ||    57
       Breathe Poison Ga |       |     4 |    30 |    12 ||    46
Evoke: Wand              |       |       |       |     1 ||     1
  Use: Scroll            |       |     4 |    14 |    10 ||    28
       Potion            |       |     2 |     1 |     7 ||    10
 Stab: Sleeping          |     5 |     9 |     7 |     3 ||    24
       Distracted        |       |       |     1 |       ||     1
Armor: Robe              |    31 |       |       |       ||    31
       Ring mail         |    14 |    89 |   227 |    44 ||   374
Dodge: Dodged            |    66 |    83 |   136 |    49 ||   334
Block: Buckler           |     4 |    30 |    72 |    36 ||   142
